 Dungeon Crawl Stone Soup version 0.24-a0-335-g06ca16a (webtiles) character file.

Game seed: 3955968050246613275

18498 Borgoz the Cruncher (level 12, 0/115 HPs)
             Began as a Gargoyle Gladiator on May 18, 2019.
             Was a Priest of Ashenzari.
             Slain by Snorg (3 damage)
             ... on level 12 of the Dungeon.
             The game lasted 00:33:05 (14524 turns).

Borgoz the Cruncher (Gargoyle Gladiator)           Turns: 14524, Time: 00:33:06

Health: 0/115      AC: 29    Str: 25    XL:     12   Next: 59%
Magic:  4/14       EV:  2    Int: 10    God:    Ashenzari [***...]
Gold:   1098       SH:  0    Dex: 13    Spells: 11/11 levels left

rFire    . . .     SeeInvis +   a - +1 quarterstaff (curse)
rCold    . . .     Gourm    .   (shield currently unavailable)
rNeg     + + +     Faith    .   (armour currently unavailable)
rPois    ∞         Spirit   .   (helmet currently unavailable)
rElec    .         Reflect  .   (cloak currently unavailable)
rCorr    .         Harm     .   (gloves currently unavailable)
MR       .....     NoTele   +   (boots currently unavailable)
Stlth    +++.......             (no amulet)
HPRegen  0.29/turn              j - +3 ring of protection
MPRegen  0.14/turn              (no ring)

@: mighty, tree-form
A: negative energy resistance 1, petrification resistance, rot immunity, AC +8
a: Curse Item, Scrying, Renounce Religion


You were on level 12 of the Dungeon.
You worshipped Ashenzari.
Ashenzari was most pleased with you.
You were not hungry.
You were a tree.
You visited 3 branches of the dungeon, and saw 15 of its levels.

You collected 1098 gold pieces.

Inventory:

Hand Weapons
 a - a cursed +1 quarterstaff (weapon)
 m - a +0 quarterstaff
Armour
 g - a +0 helmet (melded)
 h - a +0 pair of boots (melded)
 k - a cursed scarf of spirit shield (melded)
 y - a +2 chain mail of magic resistance (melded)
 H - a +1 plate armour of cold resistance
Jewellery
 j - a +3 ring of protection (left branch)
 K - an uncursed ring of fire
Wands
 C - a wand of flame (7)
 E - a wand of digging (10)
Scrolls
 c - 5 scrolls of enchant weapon
 e - a scroll of fear
 i - 7 scrolls of teleportation
 l - 2 scrolls of blinking
 o - a scroll of brand weapon
 r - 2 scrolls of remove curse
 w - 4 scrolls of enchant armour
 D - a scroll of magic mapping
 F - a scroll of holy word
 I - a scroll of fog
Potions
 p - 2 potions of invisibility
 s - 2 potions of curing
 t - a potion of berserk rage
 x - a potion of resistance
 z - a potion of brilliance {unknown}
 A - a potion of haste
 B - 5 potions of agility
 G - a potion of flight
 J - a potion of cancellation
Comestibles
 f - 25 rations
 q - 5 chunks of flesh


   Skills:
 * Level 9.9 Fighting
 * Level 11.0(14.5) Staves
 - Level 1.7 Throwing
 * Level 9.6 Armour
 * Level 9.4 Dodging
 - Level 5.0 Stealth
 + Level 3.9 Evocations


You had 11 spell levels left.
You didn't know any spells.
Your spell library contained the following spells:

 Spells                   Type           Power        Failure   Level  Hunger
 Magic Dart               Conj           #...         36%         1    ##.....
 Blink                    Tloc           N/A          50%         2    ###....
 Call Imp                 Summ           #.......     50%         2    ###....
 Slow                     Hex            #.......     50%         2    ###....
 Conjure Flame            Conj/Fire      #.......     75%         3    ####...
 Mephitic Cloud           Conj/Pois/Air  #.......     75%         3    ####...


Dungeon Overview and Level Annotations

Branches:
Dungeon (12/15)            Temple (1/1) D:7            Lair (2/6) D:9
    Orc (0/2) D:11
  Swamp: Lair:2-4    Shoals: Lair:2-4     Snake: Lair:2-4    Spider: Lair:2-4

Altars:
Ashenzari
Cheibriados
Dithmenos
Elyvilon
Fedhas
Gozag
Hepliaklqana
Kikubaaqudgha
Makhleb
Nemelex Xobeh
Okawaru
Qazlal
Ru
Sif Muna
Trog
Uskayaw
Vehumet
Wu Jian
Xom
Yredelemnul
Zin
The Shining One
Beogh

Annotations:
D:12 Snorg


Innate Abilities, Weirdness & Mutations

You are resistant to torment.
((Your stone body is resilient. (AC +8)))
You are immune to poison.
You resist negative energy. (rN+)
((You are resistant to electric shocks. (rElec)))
((You can survive without breathing.))
You are immune to petrification.
You are immune to rotting.


Message History

* * * LOW HITPOINT WARNING * * *
Snorg claws you.
* * * LOW HITPOINT WARNING * * *
You sock Snorg!
Snorg is moderately wounded.
Snorg bites you!
* * * LOW HITPOINT WARNING * * *
Snorg barely misses you. Snorg completely misses you.
You closely miss Snorg.
Snorg is moderately wounded.
Snorg bites you but does no damage. Snorg claws you.
* * * LOW HITPOINT WARNING * * *
Snorg claws you but does no damage.
Evoke which item? (* to show all) (? for menu, Esc to quit)
Aiming: Paralyse
Press: ? - help, Shift-Dir - straight line, f/p - Snorg
Aim: Snorg (moderately wounded, berserk, fast, unusually strong, chance to defeat MR: 23%) Snorg resists with almost no effort.
The now-empty wand crumbles to dust.
Snorg bites you.
You die...

, , * *, , .##...# ## , (.# ..
..##...## ## , , ....,..,
.........# #. ....##. ,
.........## #. , .......,
...........###. , .......
,..####.....##. ,
.......***...####.......
.........T###....###^......
,...........#♣.##...##........
.............###..#...#........ .
#..........#..##.#...........##
..#...........#...##...#....#####
..........#.....#....#####.##
........#.##...#...### #..#####
....#...#..#......## ##......
.......#....##..###* ##......
.........#..##..# #..#####


You could see Snorg (berserk).

Vanquished Creatures
  Josephine (D:12)
  Harold (D:11)
  A hydra (D:10)
  2 two-headed ogres
  Sonja (Lair:1)
  Pikel (D:7)
  An ugly thing (D:11)
  A black mamba (Lair:1)
  Joseph (D:7)
  A gargoyle (D:10)
  4 spiny frogs (Lair:1)
  A hornet (D:9)
  2 dream sheep (D:10)
  4 hippogriffs
  A wyvern (D:8)
  5 wraiths (D:12)
  6 yaks
  A vampire (D:7)
  A hungry ghost (D:11)
  A steam dragon (D:11)
  Grum (Lair:1)
  Menkaure (D:5)
  2 wargs
  Edmund (D:5)
  3 water moccasins
  2 porcupines (Lair:1)
  4 slaves (D:7)
  4 ice beasts
  6 orc warriors
  4 sky beasts
  A phantom (D:9)
  2 wolves (Lair:1)
  5 ogres
  6 centaurs
  4 crocodiles
  5 big kobolds
  7 bullfrogs
  A water moccasin zombie (D:6)
  A wyvern skeleton (D:6)
  4 scorpions
  3 killer bees (D:12)
  9 wights
  2 howler monkeys
  2 bullfrog zombies
  2 crimson imps
  8 hounds
  2 quasits
  A bullfrog skeleton (D:8)
  2 gnoll shamans (D:9)
  12 orc priests
  3 centaur skeletons
  4 iguanas
  Natasha (thrice) (D:2)
  16 orc wizards
  9 worker ants
  A killer bee zombie (D:6)
  A hound zombie (D:6)
  A hound skeleton (D:6)
  Robin (D:2)
  13 gnolls
  20 adders
  A shadow imp (D:12)
  4 oozes
  2 adder skeletons (D:4)
  2 worms
  3 dart slugs
  7 leopard geckos
  44 orcs
  6 giant cockroaches
  25 hobgoblins
  14 jackals
  12 kobolds
  5 quokkas
  2 ball pythons
  A ball python skeleton (D:4)
  5 bats
  4 frilled lizards
  16 goblins
  A leopard gecko skeleton (D:5)
  2 rats
372 creatures vanquished.

Vanquished Creatures (others)
  A fungus (Lair:1)
1 creature vanquished.

Grand Total: 373 creatures vanquished

Notes
Turn   | Place    | Note
-------+----------+-------------------------------------------
     0 | D:1      | Borgoz the Gargoyle Gladiator began the quest for the Orb.
     0 | D:1      | Reached XP level 1. HP: 12/12 MP: 1/1
    83 | D:1      | Reached XP level 2. HP: 16/17 MP: 2/2
   175 | D:1      | Reached skill level 1 in Armour
   179 | D:1      | Reached XP level 3. HP: 20/22 MP: 3/3
   797 | D:2      | Noticed Natasha
   810 | D:2      | Killed Natasha
   810 | D:2      | Reached XP level 4. HP: 14/27 MP: 4/4
  1029 | D:2      | Noticed Robin
  1064 | D:2      | Killed Robin
  1216 | D:2      | Reached skill level 4 in Staves
  1217 | D:2      | Reached XP level 5. HP: 31/32 MP: 5/5
  1344 | D:2      | Found a faded altar of an unknown god.
  1383 | D:2      | Noticed Natasha
  1392 | D:2      | Killed Natasha
  1731 | D:2      | Noticed Natasha
  1739 | D:2      | Killed Natasha
  1739 | D:2      | Reached XP level 6. HP: 27/37 MP: 6/6
  2195 | D:3      | Found an ornate altar of the Wu Jian Council.
  2848 | D:4      | Found a roughly hewn altar of Beogh.
  2870 | D:4      | Reached skill level 5 in Staves
  2870 | D:4      | Reached XP level 7. HP: 21/42 MP: 7/7
  3507 | D:4      | You fall through a shaft!
  3507 | D:5      | Entered Level 5 of the Dungeon
  4127 | D:5      | Reached XP level 8. HP: 26/48 MP: 8/8
  4282 | D:5      | Noticed Edmund
  4291 | D:5      | Reached skill level 6 in Staves
  4291 | D:5      | Reached skill level 5 in Dodging
  4308 | D:5      | Killed Edmund
  4792 | D:5      | Reached skill level 5 in Fighting
  4871 | D:5      | Noticed Menkaure
  4884 | D:5      | Killed Menkaure
  5220 | D:6      | Reached skill level 7 in Staves
  5233 | D:6      | Reached XP level 9. HP: 50/54 MP: 9/9
  5402 | D:6      | Reached skill level 5 in Armour
  6004 | D:7      | Noticed Pikel
  6087 | D:7      | Killed Pikel
  6087 | D:7      | Reached skill level 8 in Staves
  6131 | D:7      | Found a staircase to the Ecumenical Temple.
  6373 | D:7      | Noticed Joseph
  6397 | D:7      | Killed Joseph
  6397 | D:7      | Reached XP level 10. HP: 33/61 MP: 7/10
  6915 | Temple   | Entered the Ecumenical Temple
  7044 | Temple   | Became a worshipper of Ashenzari the Shackled
  7267 | D:8      | Reached skill level 9 in Staves
  7798 | D:9      | Reached * piety under Ashenzari
  7859 | D:10     | Entered Level 10 of the Dungeon
  8520 | D:10     | Reached skill level 1 in Stealth
  8556 | D:10     | Reached skill level 1 in Evocations
  8605 | D:10     | Noticed a three-headed hydra
  8620 | D:10     | Killed a three-headed hydra
  9043 | D:9      | Reached XP level 11. HP: 62/68 MP: 12/12
  9743 | D:9      | Found a staircase to the Lair.
  9797 | D:9      | Reached skill level 10 in Staves
 10368 | Lair:1   | Entered Level 1 of the Lair of Beasts
 10880 | Lair:1   | Reached ** piety under Ashenzari
 10912 | Lair:1   | Noticed Grum
 10942 | Lair:1   | Killed Grum
 11233 | Lair:1   | Noticed Sonja
 11252 | Lair:1   | Killed Sonja
 11872 | D:10     | Noticed a two-headed ogre
 11884 | D:10     | Killed a two-headed ogre
 11884 | D:10     | Reached XP level 12. HP: 66/76 MP: 12/14
 12871 | D:11     | Reached *** piety under Ashenzari
 12923 | D:11     | Noticed a two-headed ogre
 12940 | D:11     | Killed a two-headed ogre
 13145 | D:11     | Noticed Harold
 13164 | D:11     | Killed Harold
 13341 | D:11     | Found a staircase to the Orcish Mines.
 13590 | D:11     | Found a roughly hewn altar of Beogh.
 13799 | D:12     | Noticed Josephine
 13826 | D:12     | Killed Josephine
 13826 | D:12     | Reached skill level 11 in Staves
 14238 | D:12     | Reached skill level 5 in Stealth
 14504 | D:12     | Noticed Snorg
 14523 | D:12     | HP: 3/115 [Snorg (6)]
 14524 | D:12     | Slain by Snorg

Levels and vault maps discovered:
D:1:      dpeg_arrival_lava_temple_mockup, layout_loops_ring
D:2:      layout_basic, chequers_ecumenical_altar_island, uniq_natasha,
          uniq_robin
D:3:      layout_loops_ring, overflow_temple_1_default
D:4:      layout_layer_cave, first_ration, kennysheep_orc_chapel
D:5:      layout_cave_pods, cheibrodos_gnoll_hut, uniq_menkaure, uniq_edmund
D:6:      layout_loops_cross
D:7:      layout_loops_cross, minmay_temple_entry_junction_2, uniq_joseph,
          uniq_pikel
D:8:      layout_loops_corners
D:9:      kennysheep_housing_project, layout_rooms, erik_lair_orcish_takeover
D:10:     layout_stronghold, hangedman_ranch [blue_anna_fruit_fields]
D:11:     layout_roguey, minmay_orc_entry_temple_large, uniq_harold
D:12:     layout_layer_cave, uniq_josephine, uniq_snorg
Temple:   kilobyte_greek_temple
Lair:1:   layout_roguey, chequers_serial_rivers_small_a, st_stairs_5, uniq_grum,
          uniq_sonja
Lair:2:   cheibrodos_lair_overgrown_chateau, layout_hall_layers,
          minmay_shoals_entry_beasts, minivault_19, st_stairs_9,
          lemuel_fruit_tree, minmay_lair_oklob_chamber

Skill      XL: |  1  2  3  4  5  6  7  8  9 10 11 12 |
---------------+-------------------------------------+-----
Armour         | 1 2 3 4 6 7 8 9 |  9.6
Dodging        | 3 4 5 7 8 9 |  9.4
Staves         | 4 5 7 8 9 10 11 | 11.0
Fighting       | 3 4 5 6 7 9 |  9.9
Stealth        | 2 4 5 |  5.0
Evocations     | 1 3 |  3.9
Throwing       | |  1.7

Action                   |  1- 3 |  4- 6 |  7- 9 | 10-12 || total
-------------------------+-------+-------+-------+-------++-------
Melee: Quarterstaff      |    95 |   237 |   511 |  1212 ||  2055
Throw: Throwing net      |     3 |     2 |     1 |     6 ||    12
Invok: Curse Item        |       |       |       |     2 ||     2
Evoke: Wand              |       |       |     3 |    19 ||    22
  Use: Potion            |     1 |     6 |     2 |     5 ||    14
       Scroll            |       |       |    10 |    11 ||    21
 Stab: Invisible         |       |     2 |     5 |       ||     7
       Paralysed         |       |       |       |     6 ||     6
  Eat: Chunk             |       |     7 |    12 |    25 ||    44
       Ration            |       |       |       |     1 ||     1
Armor: Leather armour    |    44 |    23 |       |       ||    67
       Ring mail         |       |    89 |   120 |       ||   209
       Scale mail        |       |       |   170 |    44 ||   214
       Plate armour      |       |       |       |   662 ||   662
       Chain mail        |       |       |       |    90 ||    90
       Skin              |       |       |       |     7 ||     7
Dodge: Dodged            |    89 |   163 |   393 |   547 ||  1192

Table legend:
 A = Non-vault XP
 B = Vault XP
 C = Vault XP percentage of total XP
 D = Non-vault monster count
 E = Vault monster count
 F = Vault count percentage of total count
                 A         B        C        D         E       F
            +---------+---------+-------+---------+---------+-------
      Total |   15912 |   10514 |  39.8 |     273 |      95 |  25.8
            +---------+---------+-------+---------+---------+-------
        D:1 |      70 |       0 |   0.0 |      31 |       0 |   0.0
        D:2 |     185 |      71 |  27.7 |      30 |      12 |  28.6
        D:3 |      68 |       0 |   0.0 |      13 |       0 |   0.0
        D:4 |     579 |     117 |  16.8 |      32 |       3 |   8.6
        D:5 |     666 |     427 |  39.1 |      14 |       5 |  26.3
        D:6 |     931 |       0 |   0.0 |      30 |       0 |   0.0
        D:7 |    1000 |    1080 |  51.9 |      15 |       2 |  11.8
        D:8 |    1010 |       0 |   0.0 |      25 |       0 |   0.0
        D:9 |    2357 |    1357 |  36.5 |      24 |      37 |  60.7
       D:10 |    2092 |    2409 |  53.5 |      16 |      10 |  38.5
       D:11 |    2714 |    1603 |  37.1 |      18 |      15 |  45.5
       D:12 |    1084 |    2122 |  66.2 |      13 |       6 |  31.6
     Lair:1 |    3156 |    1328 |  29.6 |      12 |       5 |  29.4
            +---------+---------+-------+---------+---------+-------
